 Dungeon Crawl Stone Soup version 0.23-a0-650-ga4d50d4 (console) character file.

44762 Duffy the Thaumaturge (level 13, -3/103 HPs)
             Began as a Demonspawn Fire Elementalist on Jan 6, 2019.
             Was an Elder of Sif Muna.
             Slain by an ettin
             ... wielding a +0 dire flail
              (31 damage)
             ... on level 1 of the Orcish Mines.
             The game lasted 00:41:46 (27673 turns).

Duffy the Thaumaturge (DsFE)                       Turns: 27673, Time: 00:41:48

Health: -3/103     AC:  8    Str:  9    XL:     13   Next: 98%
Magic:  9/38       EV: 16    Int: 22    God:    Sif Muna [****..]
Gold:   1549       SH:  8    Dex: 13    Spells: 20/36 levels left

rFire    + . .     SeeInvis .   b - staff of poison
rCold    + + .     Gourm    +   (no shield)
rNeg     . . .     Faith    .   Z - +1 robe {rC+}
rPois    +         Spirit   .   a - +2 hat
rElec    .         Reflect  .   s - scarf {rC+ rF+}
rCorr    +         Harm     .   r - +2 pair of gloves
MR       .....                  (no boots)
Stlth    ++++......             q - amulet of the gourmand
HPRegen  0.27/turn              N - ring of magical power
MPRegen  0.26/turn              d - ring of resist corrosion

@: divine energy
A: claws 1, large bone plates 3, nightstalker 2
a: Stop Divine Energy, Channel Magic, Forget Spell, Renounce Religion


You were on level 1 of the Orcish Mines.
You worshipped Sif Muna.
Sif Muna was greatly pleased with you.
You were very full.

You visited 4 branches of the dungeon, and saw 20 of its levels.

You collected 1577 gold pieces.
You spent 28 gold pieces at shops.

Inventory:

Armour
 a - a +2 hat (worn)
 r - a +2 pair of gloves (worn)
 s - a scarf of resistance (worn)
 Z - a +1 robe of cold resistance (worn)
Magical Staves
 b - an uncursed staff of poison (weapon)
 z - an uncursed staff of earth
Jewellery
 d - a ring of resist corrosion (right hand)
 q - an amulet of the gourmand (around neck)
 E - an uncursed ring of protection from cold
 I - an uncursed ring of positive energy
 M - an uncursed ring of positive energy
 N - a ring of magical power (left hand)
Wands
 l - a wand of flame (16)
 n - a wand of iceblast (2)
 F - a wand of enslavement (16)
 L - a wand of digging (6)
 O - a wand of clouds (3)
 P - a wand of paralysis (38)
 U - a wand of polymorph (14)
Scrolls
 f - 7 scrolls of remove curse
 i - 3 scrolls of amnesia
 j - 4 scrolls of magic mapping
 o - 5 scrolls of fog {unknown}
 t - 8 scrolls of teleportation
 v - 4 scrolls of immolation {unknown}
 w - 2 scrolls of enchant armour {unknown}
 y - a scroll of blinking {unknown}
 G - 3 scrolls of fear {unknown}
 H - a scroll of random uselessness {unknown}
 K - a scroll of holy word {unknown}
 Q - 3 scrolls of enchant weapon
 T - a scroll of summoning
 V - a scroll of vulnerability
Potions
 e - 2 potions of brilliance
 g - 2 potions of mutation
 h - 3 potions of lignification
 m - a potion of cancellation
 p - 2 potions of heal wounds
 u - 10 potions of curing
 x - 2 potions of might
 B - 2 potions of berserk rage
 C - 2 potions of magic
 D - 2 potions of ambrosia
 J - 3 potions of invisibility
 S - a potion of agility
 X - 2 potions of haste
 Y - 4 potions of flight
Miscellaneous
 k - a lamp of fire (inert)
 W - a lightning rod (4/4)
Comestibles
 c - 29 rations


   Skills:
 - Level 10.0 Fighting
 - Level 6.8 Dodging
 - Level 1.7 Stealth
 + Level 12.1 Spellcasting
 + Level 9.4 Conjurations
 - Level 3.0 Charms
 - Level 3.1 Necromancy
 - Level 9.0 Fire Magic
 - Level 10.0 Invocations
 - Level 6.0 Evocations


You had 20 spell levels left.
You knew the following spells:

 Your Spells              Type           Power        Failure   Level  Hunger
h - Flame Tongue          Conj/Fire      #####        1%          1    None
j - Sticky Flame          Conj/Fire      ######..     1%          4    None
k - Fireball              Conj/Fire      ######....   3%          5    ####...
l - Conjure Flame         Conj/Fire      ######..     1%          3    None
y - Regeneration          Chrm/Necr      ####......   4%          3    None

Your spell library contained the following spells:

 Spells                   Type           Power        Failure   Level  Hunger
 Animate Skeleton         Necr           N/A          1%          1    None
 Infusion                 Chrm           ####         1%          1    None
 Pain                     Necr           ####         1%          1    None
 Throw Flame              Conj/Fire      ######       1%          2    None
 Song of Slaying          Chrm           ####....     2%          2    None
 Inner Flame              Hex/Fire       ####....     2%          3    None
 Corona                   Hex            ##.....      4%          1    None
 Shroud of Golubria       Chrm/Tloc      ###.......   4%          2    None
 Vampiric Draining        Necr           ####......   4%          3    None
 Slow                     Hex            ##......     8%          2    None
 Spectral Weapon          Hex/Chrm       ###.....     8%          3    None
 Animate Dead             Necr           N/A          13%         4    None
 Portal Projectile        Hex/Tloc       ##....       14%         3    None
 Cause Fear               Hex            ##........   43%         4    None
 Leda's Liquefaction      Hex/Erth       ##........   43%         4    None
 Aura of Abjuration       Summ           ##........   80%         5    ####...
 Metabolic Englaciation   Hex/Ice        ##........   80%         5    ####...
 Summon Forest            Summ/Tloc      ##........   80%         5    ####...


Dungeon Overview and Level Annotations

Branches:
Dungeon (12/15)            Temple (1/1) D:7            Lair (6/6) D:10
 Shoals (0/4) Lair:3        Snake (0/4) Lair:4        Slime (0/5) Lair:6
    Orc (1/2) D:11

Altars:
Ashenzari
Cheibriados
Dithmenos
Elyvilon
Gozag
Hepliaklqana
Kikubaaqudgha
Makhleb
Nemelex Xobeh
Okawaru
Qazlal
Ru
Sif Muna
Trog
Uskayaw
Vehumet
Wu Jian
Xom
Yredelemnul
Zin
The Shining One

Shops:
D:8 *   D:9 (   D:11 (


Innate Abilities, Weirdness & Mutations

You have sharp fingernails.
You are completely covered in large bone plates. (SH +8)
You are significantly more attuned to the shadows.


Message History

The ettin hits you with a +0 dire flail!!
The ettin hits you with a +0 dire flail!!!
You hear a shout! x3; You hear a howl!
The ettin burns!
The ettin burns!
The orc wizard looks encouraged for a moment.
The ettin burns!
An orc warrior comes into view. It is wielding a +0 mace of protection.
The ettin burns!
The ettin stops burning.
The orc wizard begins to cast a cantrip, but forgets the words!
You feel much better. You block the ettin's attack.
The ettin barely misses you.
Evoke which item? (* to show all) (? for menu, Esc to quit)
Aiming: Cloud Cone
Press: ? - help, Dir - move target cursor, f/p - ettin
Aim: an ettin, wielding two +0 dire flails (severely wounded)
You create a blast of freezing vapour!
The ettin is engulfed in freezing vapours.
The ettin hits you with a +0 dire flail!!
You die...

###..#.
##.....# )
##....o.##>.
##......$.)#
#.$..0#0...#
#..@Co00..#
##...000..#
###..$0.##
##...##
#####


You could see an ettin, an orc warrior and an orc wizard.

Vanquished Creatures
  Gastronok (Lair:3)
  A fire dragon (Lair:6)
  Erolcha (D:10)
  Fannar (Lair:2)
  2 hydras (Lair:6)
  An ice dragon (Lair:6)
  6 death yaks
  A two-headed ogre (D:10)
  Urug (Lair:3)
  A swamp dragon (Lair:6)
  An unseen horror (D:12)
  2 lindwurms (Lair:6)
  An ugly thing (D:11)
  A manticore (Lair:3)
  14 elephants
  Maurice (D:10)
  2 black mambas
  2 centaur zombies
  5 torpor snails (Lair:6)
  4 komodo dragons
  5 spiny frogs
  A rime drake (Lair:6)
  12 hornets
  2 polar bears (Lair:6)
  3 tyrant leeches (Lair:6)
  Grinder (D:5)
  4 hippogriffs
  14 blink frogs
  Sigmund (D:3)
  2 wraiths
  5 wyverns
  A vampire (D:11)
  13 yaks
  2 basilisks (Lair:6)
  Grum (D:8)
  2 hungry ghosts
  3 steam dragons (Lair:6)
  3 nagas (Lair:4)
  2 wargs (Orc:1)
  Edmund (D:5)
  8 water moccasins
  3 soldier ants
  3 acid dragons
  7 porcupines
  Duvessa (D:7)
  A swamp drake (Lair:6)
  4 orc warriors
  3 sky beasts
  2 black bears
  7 ogres
  An ice beast (D:10)
  2 phantoms
  6 centaurs
  10 wolves
  14 crocodiles
  9 bullfrogs
  4 scorpions
  Dowan (D:7)
  A wyvern skeleton (D:7)
  4 killer bees (D:8)
  3 howler monkeys
  4 crimson imps
  A quasit (D:10)
  2 bullfrog zombies
  4 jellies
  5 orc priests
  A bullfrog skeleton (D:10)
  6 hounds
  10 orc wizards
  Jessica (D:3)
  2 centaur skeletons
  Terence (D:2)
  3 iguanas
  3 worker ants
  6 hell rats (Lair:6)
  A hound zombie (D:9)
  3 hound skeletons
  A worker ant zombie (D:7)
  11 gnolls
  A river rat (D:10)
  11 adders
  6 shadow imps
  4 oozes
  3 adder skeletons
  A worm (D:6)
  5 dart slugs
  6 leopard geckos
  46 orcs
  3 ball pythons
  7 bats
  8 giant cockroaches
  7 goblins
  8 hobgoblins
  7 jackals
  12 kobolds
  5 quokkas
  A ball python skeleton (D:5)
  4 frilled lizards
  2 jackal zombies (D:7)
  A leopard gecko skeleton (D:7)
  9 rats
  4 plants (Lair:6)
447 creatures vanquished.

Vanquished Creatures (collateral kills)
  A hippogriff (Lair:3)
1 creature vanquished.

Vanquished Creatures (others)
  A hell rat (Lair:6)
  9 fungi
  6 plants (Lair:6)
16 creatures vanquished.

Grand Total: 464 creatures vanquished

Notes
Turn   | Place    | Note
-------+----------+-------------------------------------------
     0 | D:1      | Duffy the Demonspawn Fire Elementalist began the quest for
                  | the Orb.
     0 | D:1      | Reached XP level 1. HP: 13/13 MP: 3/3
    92 | D:1      | Gained mutation: You are partially covered in large bone
                  | plates. (SH +4) [demonic ancestry]
    92 | D:1      | Reached XP level 2. HP: 4/19 MP: 0/5
   657 | D:1      | Reached XP level 3. HP: 24/24 MP: 3/6
   664 | D:1      | Learned a level 3 spell: Conjure Flame
  1720 | D:2      | Reached XP level 4. HP: 27/30 MP: 8/8
  1767 | D:2      | Found a burning altar of Makhleb.
  1767 | D:2      | Found a bloodstained altar of Trog.
  2032 | D:2      | Noticed Terence
  2049 | D:2      | HP: 1/30 [Terence/+0 flail (6)]
  2051 | D:2      | Killed Terence
  2051 | D:2      | Reached skill level 3 in Spellcasting
  2572 | D:2      | Reached XP level 5. HP: 23/35 MP: 9/9
  2919 | D:3      | Noticed Sigmund
  2928 | D:3      | Killed Sigmund
  2928 | D:3      | Gained mutation: You are slightly more attuned to the
                  | shadows. [demonic ancestry]
  2928 | D:3      | Reached XP level 6. HP: 41/41 MP: 9/11
  2959 | D:3      | Learned a level 4 spell: Sticky Flame
  3288 | D:3      | Found an ornate altar of the Wu Jian Council.
  3290 | D:3      | Noticed Jessica
  3307 | D:3      | Killed Jessica
  3307 | D:3      | Reached skill level 4 in Spellcasting
  3787 | D:5      | Entered Level 5 of the Dungeon
  3937 | D:4      | Noticed Edmund
  4010 | D:5      | Killed Edmund
  4010 | D:5      | Reached XP level 7. HP: 39/46 MP: 1/13
  4274 | D:4      | Reached skill level 5 in Fire Magic
  4627 | D:4      | Found a shattered altar of Ashenzari.
  4639 | D:4      | Reached skill level 5 in Conjurations
  4820 | D:5      | Reached skill level 5 in Spellcasting
  4844 | D:5      | Found a snail-covered altar of Cheibriados.
  4924 | D:5      | Learned a level 5 spell: Fireball
  5050 | D:5      | Noticed Grinder
  5300 | D:5      | Gained mutation: You have sharp fingernails. [demonic
                  | ancestry]
  5300 | D:5      | Reached XP level 8. HP: 52/52 MP: 5/16
  6005 | D:5      | Reached skill level 6 in Spellcasting
  6366 | D:6      | Gained mutation: You are significantly more attuned to the
                  | shadows. [demonic ancestry]
  6366 | D:6      | Reached XP level 9. HP: 40/58 MP: 12/18
  6368 | D:6      | Reached skill level 1 in Fighting
  7632 | D:7      | Noticed Dowan
  7734 | D:7      | Noticed Duvessa
  7735 | D:7      | Killed Dowan
  7744 | D:7      | Killed Duvessa
  8412 | D:7      | Reached skill level 5 in Fighting
  8412 | D:7      | Reached skill level 5 in Dodging
  8754 | D:7      | Found a staircase to the Ecumenical Temple.
  8761 | Temple   | Entered the Ecumenical Temple
  9147 | Temple   | Became a worshipper of Sif Muna the Loreminder
  9396 | D:5      | Paralysed by Grinder for 4 turns
  9398 | D:5      | Killed Grinder
  9771 | D:8      | Reached XP level 10. HP: 75/75 MP: 14/19
  9812 | D:8      | Found a glowing silver altar of Zin.
 10152 | D:8      | Noticed Grum
 10168 | D:8      | Killed Grum
 10293 | D:8      | Found Damostr Mafa's General Store.
 10297 | D:8      | Paralysed by a hornet for 1 turns
 10583 | D:8      | Bought a scroll of identify for 28 gold pieces
 10842 | D:8      | Found a hazy altar of Hepliaklqana.
 11556 | D:9      | Found Atupe's Antique Weapon Emporium.
 11660 | D:9      | You fall through a shaft for 2 floors!
 11893 | D:11     | Reached skill level 1 in Evocations
 12065 | D:11     | Found Istradil's Antique Weapon Shop.
 12132 | D:10     | Entered Level 10 of the Dungeon
 12145 | D:11     | Paralysed by a hornet for 3 turns
 12603 | D:10     | Noticed a two-headed ogre
 12626 | D:10     | Killed a two-headed ogre
 13139 | D:9      | Gained mutation: You are mostly covered in large bone
                  | plates. (SH +6) [demonic ancestry]
 13139 | D:9      | Reached XP level 11. HP: 82/89 MP: 11/20
 13679 | D:10     | Noticed Erolcha
 13691 | D:10     | Killed Erolcha
 13823 | D:10     | Noticed Maurice
 13826 | D:10     | Killed Maurice
 13826 | D:10     | Reached skill level 7 in Spellcasting
 14068 | D:10     | Noticed a death yak
 14069 | D:10     | Reached skill level 5 in Evocations
 14082 | D:10     | Noticed a death yak
 14084 | D:10     | Noticed a death yak
 14087 | D:10     | Reached * piety under Sif Muna
 14088 | D:10     | Killed a death yak
 14093 | D:10     | Killed a death yak
 14093 | D:10     | Killed a death yak
 14110 | D:10     | Reached skill level 10 in Fighting
 14311 | D:10     | Found a staircase to the Lair.
 14663 | D:11     | Noticed a purple ugly thing
 14674 | D:11     | Killed a purple ugly thing
 14674 | D:11     | Reached skill level 1 in Invocations
 14781 | D:11     | Found a staircase to the Orcish Mines.
 15064 | D:11     | Reached skill level 8 in Spellcasting
 15963 | D:12     | Noticed an unseen horror
 15966 | D:12     | Killed an unseen horror
 15966 | D:12     | Reached ** piety under Sif Muna
 16221 | Lair:1   | Entered Level 1 of the Lair of Beasts
 16963 | Lair:1   | Reached XP level 12. HP: 97/97 MP: 24/24
 16998 | Lair:1   | You fall through a shaft!
 18070 | Lair:2   | Learned a level 3 spell: Regeneration
 18396 | Lair:2   | Noticed Fannar
 18408 | Lair:2   | Killed Fannar
 18408 | Lair:2   | Reached skill level 5 in Invocations
 18914 | Lair:3   | Noticed Gastronok
 18928 | Lair:3   | Killed Gastronok
 18928 | Lair:3   | Reached *** piety under Sif Muna
 18928 | Lair:3   | Reached skill level 9 in Spellcasting
 19078 | Lair:3   | Found a staircase to the Shoals.
 19636 | Lair:3   | Noticed Urug
 19645 | Lair:3   | Killed Urug
 20813 | Lair:4   | Found a staircase to the Snake Pit.
 22039 | Lair:5   | Noticed a death yak
 22039 | Lair:5   | Noticed a death yak
 22056 | Lair:5   | Killed a death yak
 22056 | Lair:5   | Noticed a death yak
 22060 | Lair:5   | Killed a death yak
 22060 | Lair:5   | Reached **** piety under Sif Muna
 22063 | Lair:5   | Killed a death yak
 22063 | Lair:5   | Gained mutation: You are completely covered in large bone
                  | plates. (SH +8) [demonic ancestry]
 22063 | Lair:5   | Reached XP level 13. HP: 38/103 MP: 12/26
 22327 | Lair:5   | Reached skill level 10 in Spellcasting
 23661 | Lair:6   | Entered Level 6 of the Lair of Beasts
 23780 | Lair:6   | Reached skill level 1 in Necromancy
 23897 | Lair:6   | Reached skill level 1 in Charms
 23912 | Lair:6   | Got a scorched hand axe
 23921 | Lair:6   | Identified the +3 hand axe "Myliar" {venom, rPois rF- rC+
                  | rN++} (You found it on level 6 of the Lair of Beasts)
 24885 | Lair:6   | Reached skill level 10 in Invocations
 25383 | Lair:6   | Got a shimmering robe
 25394 | Lair:6   | Identified the +0 robe of Opti Hio {rN++ Str+4 Dex-4
                  | Stlth+} (You found it on level 6 of the Lair of Beasts)
 25457 | Lair:6   | Found a staircase to the Slime Pits.
 25866 | Lair:6   | Found a runed door.
 25996 | Lair:6   | Reached skill level 11 in Spellcasting
 26636 | Lair:6   | Reached ***** piety under Sif Muna
 27017 | Lair:6   | Reached skill level 12 in Spellcasting
 27321 | Lair:6   | Noticed a fire dragon
 27329 | Lair:6   | Killed a fire dragon
 27329 | Lair:6   | Identified Lofabban's Guide on Supportive Malediction (Sif
                  | Muna gifted it to you on level 6 of the Lair of Beasts)
 27329 | Lair:6   | Received a gift from Sif Muna
 27644 | Orc:1    | Entered Level 1 of the Orcish Mines
 27661 | Orc:1    | Noticed an ettin
 27667 | Orc:1    | HP: 4/103 [ettin/+0 dire flail (51)]
 27673 | Orc:1    | Slain by an ettin

Vault maps used:
D:1:      psy_arrival_whirlpool, minmay_tetromino_i4
D:2:      gammafunk_temple_overflow_wave, first_ration, hangedman_decor_push,
          uniq_terence
D:3:      wad_pebble_path, lemuel_round_altar, uniq_sigmund, uniq_jessica
D:4:      cheibrodos_ashenzari_chains, uniq_edmund
D:5:      kennysheep_slug_shrine, uniq_grinder
D:7:      temple_hall, uniq_duvessa
D:8:      kennysheep_little_box, lemuel_crystal_altar, serial_shops, shop,
          uniq_grum
D:9:      nicolae_overflow_hidden_temple, serial_shops, shop
D:10:     dpeg_lair_monsters, uniq_erolcha, uniq_maurice
D:11:     orc_0_dummy, serial_shops, kennysheep_mini_moat
Temple:   regret_index_temple_generic_petals
Lair:1:   patterned_corridor, lemuel_fruit_tree
Lair:2:   uniq_fannar
Lair:3:   minmay_shoals_entry_beasts, uniq_urug, uniq_gastronok
Lair:4:   minmay_snake_entry_guardpost_small
Lair:6:   wormcave, guppyfry_lair_end_dragon, nicolae_slime_entry_slimehenge
Orc:1:    special_room, uniq_snorg

Skill      XL: |  1  2  3  4  5  6  7  8  9 10 11 12 13 |
---------------+----------------------------------------+-----
Fire Magic     | 3 4 5 6 7 9 |  9.0
Conjurations   | 2 3 4 5 6 7 9 |  9.4
Spellcasting   | 3 4 5 6 8 9 12 | 12.1
Fighting       | 5 9 10 | 10.0
Dodging        | 5 6 |  6.8
Evocations     | 4 6 |  6.0
Invocations    | 4 8 10 | 10.0
Necromancy     | 3 |  3.1
Charms         | 3 |  3.0
Stealth        | |  1.7

Action                   |  1- 3 |  4- 6 |  7- 9 | 10-12 | 13-15 || total
-------------------------+-------+-------+-------+-------+-------++-------
Melee: Dagger            |    15 |       |       |       |       ||    15
       Short sword       |     7 |   115 |   121 |   107 |       ||   350
       Staff             |       |       |       |       |    51 ||    51
 Cast: Flame Tongue      |    68 |    27 |   117 |   446 |   133 ||   791
       Sticky Flame      |       |     4 |    30 |    72 |    78 ||   184
       Conjure Flame     |       |       |    12 |    37 |    17 ||    66
       Fireball          |       |       |       |    18 |    56 ||    74
       Regeneration      |       |       |       |       |     1 ||     1
Invok: Divine Energy     |       |       |       |     5 |       ||     5
       Stop Divine Energ |       |       |       |     4 |       ||     4
Evoke: Wand              |       |       |     2 |    31 |    12 ||    45
       Lightning rod     |       |       |       |     3 |     1 ||     4
       Lamp of fire      |       |       |       |       |     1 ||     1
  Use: Scroll            |       |       |    12 |     8 |     2 ||    22
       Potion            |       |       |       |     2 |     1 ||     3
 Stab: Sleeping          |       |     8 |     3 |     3 |       ||    14
  Eat: Chunk             |     3 |    22 |    22 |    47 |    26 ||   120
Armor: Robe              |    12 |    22 |    39 |    42 |    36 ||   151
       Skin              |       |       |       |     1 |       ||     1
Dodge: Dodged            |    33 |    51 |   110 |   187 |   133 ||   514
Block: Other             |    16 |    21 |    25 |    65 |    92 ||   219

Table legend:
 A = Non-vault XP
 B = Vault XP
 C = Vault XP percentage of total XP
 D = Non-vault monster count
 E = Vault monster count
 F = Vault count percentage of total count
                 A         B        C        D         E       F
            +---------+---------+-------+---------+---------+-------
      Total |   41249 |   22697 |  35.5 |     372 |      73 |  16.4
            +---------+---------+-------+---------+---------+-------
        D:1 |      84 |       8 |   8.7 |      31 |       3 |   8.8
        D:2 |      82 |      36 |  30.5 |      22 |       1 |   4.3
        D:3 |     117 |     268 |  69.6 |      24 |       2 |   7.7
        D:4 |     401 |       0 |   0.0 |      17 |       0 |   0.0
        D:5 |     640 |     435 |  40.5 |      21 |       3 |  12.5
        D:6 |    1672 |       0 |   0.0 |      17 |       0 |   0.0
        D:7 |    1305 |     208 |  13.7 |      28 |       2 |   6.7
        D:8 |    1621 |     539 |  25.0 |      29 |       4 |  12.1
        D:9 |    1035 |       0 |   0.0 |       7 |       0 |   0.0
       D:10 |    2717 |    4864 |  64.2 |      24 |      13 |  35.1
       D:11 |    2562 |       0 |   0.0 |      23 |       0 |   0.0
       D:12 |    2165 |       0 |   0.0 |      26 |       0 |   0.0
     Lair:1 |    2348 |       0 |   0.0 |      13 |       0 |   0.0
     Lair:2 |     791 |    1002 |  55.9 |       5 |       1 |  16.7
     Lair:3 |    1790 |    3693 |  67.4 |       6 |       4 |  40.0
     Lair:4 |    3736 |     483 |  11.4 |      18 |       3 |  14.3
     Lair:5 |   10108 |       0 |   0.0 |      26 |       0 |   0.0
     Lair:6 |    7691 |   11161 |  59.2 |      30 |      37 |  55.2
      Orc:1 |     384 |       0 |   0.0 |       5 |       0 |   0.0
            +---------+---------+-------+---------+---------+-------
